Cogmind - Beta 16.1 *** ADVENTURER MODE // 2026.03.03 @ 00:37:16 Player: Gder Result: Destroyed by QV-XIT(R) with Subdweller Machine Gun Performance ------------- Evolutions (0) 0 Regions Visited (2) 400 Robots Destroyed (32) 160 Value Destroyed (656) 656 Prototype IDs (6) 120 Alien Tech Used (0) 0 Bonus (0) 0 TOTAL SCORE: 1336 Bonus ------- None Cogmind --------- Core Integrity 0/250 Matter 284/300 Energy 194/200 System Corruption 0% Temperature Cool (19) Movement Rolling (120) Ox1 Location -10/Subcaves Parts ------- > --- POWER (1) -------- Subdweller Power Source > --- PROPULSION (2) --- Spiked Treads Subdweller Monowheel > --- UTILITY (2) ------ Large Storage Unit Makeshift Light Armor Plating > --- WEAPON (2) ------- Subdweller Beam Cannon Barrage Gun > --- INVENTORY (15) --- Wheel Wheel Medium Storage Unit High-capacity Matter Pod (200) Light Armor Plating Scrap Shield Beam Rifle Beam Rifle Beam Cannon Subdweller Beam Cannon Barrage Gun Light Cannon Grenade Launcher Heavy Hammer Peak State ------------ > --- POWER ------------ Subdweller Power Source > --- PROPULSION ------- Spiked Treads Subdweller Monowheel > --- UTILITY ---------- Large Storage Unit Makeshift Light Armor Plating > --- WEAPON ----------- Subdweller Beam Cannon Barrage Gun > --- INVENTORY -------- Wheel Wheel Medium Storage Unit High-capacity Matter Pod Light Armor Plating Scrap Shield Beam Rifle Beam Rifle Beam Cannon Subdweller Beam Cannon Barrage Gun Light Cannon Grenade Launcher Heavy Hammer [Rating: 18] Favorites ----------- Power Ion Engine Engine Ion Engine Propulsion Light Treads Treads Light Treads Wheel Compact Wheel Utility Large Storage Unit Device Seismic Detector Storage Large Storage Unit Protection Makeshift Light Armor Plating Weapon Small Laser Energy Gun Small Laser Energy Cannon Subdweller Beam Cannon Ballistic Gun Light Assault Rifle Build | -11 -10 -10 ------- Run | Yrd Mat Sub Slots Evolved . | . . . Power . | . . . Propulsion . | . . . Utility . | . . . Weapon . | . . . Parts Attached 27 | 7 10 10 Power 5 | 1 3 1 Engine 5 | 1 3 1 Core . | . . . Reactor . | . . . Propulsion 10 | 2 3 5 Treads 3 | 1 . 2 Leg . | . . . Wheel 7 | 1 3 3 Hover . | . . . Flight . | . . . Utility 5 | 2 1 2 Device 1 | 1 . . Storage 2 | 1 1 . Processor . | . . . Hackware . | . . . Protection 2 | . . 2 Artifact . | . . . Weapon 7 | 2 3 2 Energy Gun 3 | 2 1 . Energy Cannon 1 | . . 1 Ballistic Gun 3 | . 2 1 Ballistic Cannon . | . . . Launcher . | . . . Special Weapon . | . . . Impact Weapon . | . . . Slashing Weapon . | . . . Piercing Weapon . | . . . Special Melee Weapon . | . . . Unidentified Prototypes . | . . . Parts Lost 7 | . 2 5 Power 2 | . 1 1 Propulsion 3 | . . 3 Utility 1 | . . 1 Weapon 1 | . 1 . Highest Loss Streak 4 | . 1 4 To Critical Strikes . | . . . Average Backups 13 | 2 13 13 Power . | . . . Propulsion 3 | 1 4 2 Utility 3 | . 2 3 Weapon 6 | . 5 7 Tool/Special . | . . . Unused Backups 25 | . 11 14 Power 1 | . 1 . Propulsion 6 | . 5 1 Utility 5 | . 1 4 Weapon 13 | . 4 9 Tool/Special . | . . . Average Slot Usage (%) 99 | . 100 99 Engine 13 | . 14 13 Treads 14 | . 14 14 Wheel 14 | . 14 14 Device 10 | . 14 4 Storage 14 | . 14 14 Protection 3 | . . 9 Energy Gun 14 | . 21 . Energy Cannon 3 | . . 9 Ballistic Gun 10 | . 6 18 Peak Build Rating 18 | 7 8 18 Average Rating 9 | 5 7 12 On Entrance 5 | . 7 8 Avg Prop Armor Cover (%) 13 | 14 13 12 Naked Turns . | . . . Heaviest Build 40 | 13 28 40 Greatest Support 20 | 16 16 20 Greatest Overweight (x) 3 | 2 2 3 Average Overweight (x) 1 | . 1 1 Largest Inventory Capacity 15 | 8 15 15 Average Capacity 14 | 7 14 15 Most Carried 15 | 6 15 15 Average Carried 13 | 3 13 14 Final Capacity 15 | 8 15 15 Final Carried 15 | 6 15 15 Class Distribution -------------------- 86% | Mutant 13% | Scavenger-Mutant Dominant Class ---------------- Mutant | -10/Materials Mutant | -10/Subcaves Resources | -11 -10 -10 ----------- Run | Yrd Mat Sub Matter Collected 881 | 270 477 134 Remotely . | . . . Salvage Created 1131 | 127 745 259 Parts 67 | 8 38 21 Haulers Intercepted 1 | . 1 . Recyclers Shooed 1 | . 1 . Parts Field Recycled . | . . . Retrieved Matter . | . . . Parts Self-Destructed 13 | . . 13 Prevented . | . . . Parts Restored . | . . . Kills | -11 -10 -10 ------- Run | Yrd Mat Sub Combat Hostiles Destroyed 22 | . 14 8 Guns 18 | . 14 4 Cannons 3 | . . 3 Classes Destroyed 8 | 2 5 1 Worker 2 | . 2 . Tunneler 2 | 2 . . Hauler 1 | . 1 . Recycler 3 | 1 2 . Watcher 2 | . 2 . Swarmer 9 | . 6 3 Grunt 8 | . 8 . Subdweller 5 | . . 5 Best Kill Streak 5 | 3 5 3 Combat Bots Only 3 | . 3 3 Max Kills in Single Turn 1 | 1 1 1 Gunslinging . | . . . Exploded . | . . . Melee . | . . . Uniques/NPCs Destroyed . | . . . Combat | -11 -10 -10 -------- Run | Yrd Mat Sub Hostile Shots Fired 108 | . 73 35 Missed 23 | . 18 5 Hits 85 | . 55 30 Projectile 85 | . 55 30 AOE 2 | . . 2 Critical Strikes 2 | . . 2 Damage Taken 1074 | . 557 517 Core 251 | . 150 101 Absorbed by Shields . | . . . Ignored by Resistances 321 | . 177 144 Core Remaining (%) 100 | 100 . . Volleys Fired 90 | 3 60 27 Largest 2 | 2 2 2 Hottest 108 | 80 80 108 Shots Fired 180 | 6 120 54 Gun 167 | 6 120 41 Cannon 13 | . . 13 Launcher . | . . . Special . | . . . Kinetic 68 | . 27 41 Thermal 112 | 6 93 13 Explosive . | . . . Electromagnetic . | . . . Robot Hit Streak 18 | 3 18 18 Robot Miss Streak 3 | 1 3 3 Penetration Max . | . . . Secondary Targets 3 | . 1 2 Max Gunslinging Chain 1 | . 1 1 Shots Hit Robots 135 | 4 94 37 Core Hits 54 | 4 39 11 Critical Kills 1 | . . 1 Critical Parts Destroyed 1 | . . 1 Critical Strikes 2 | . . 2 Meltdown 1 | . . 1 Destroy 1 | . . 1 Melee Attacks . | . . . Impact . | . . . Slashing . | . . . Piercing . | . . . Sneak Attacks . | . . . Combat Hostiles . | . . . Follow-up Attacks . | . . . Damage Inflicted 1554 | 55 970 529 Guns 1330 | 55 970 305 Cannons 224 | . . 224 Explosions . | . . . Melee . | . . . Ramming . | . . . Kinetic 489 | . 184 305 Thermal 1065 | 55 786 224 Explosive . | . . . Electromagnetic . | . . . Impact . | . . . Slashing . | . . . Piercing . | . . . Highest Corruption . | . . . Average Corruption . | . . . Corruption Purged . | . . . Corruption Blocked . | . . . Overload Shots . | . . . Overflow Damage . | . . . Projectiles . | . . . Explosions . | . . . Melee . | . . . Knockbacks . | . . . Impact . | . . . Kinetic . | . . . Secondary . | . . . Self-Inflicted Damage . | . . . Shots . | . . . Rammed . | . . . Targets Rammed . | . . . Kicked . | . . . Crushed . | . . . Highest Temperature 207 | 18 207 79 Average Temperature 53 | 12 59 25 Received Heat Transfer 297 | . 207 90 Siege Activations . | . . . Martial Activations . | . . . Shielding Activations . | . . . Robots Disrupted . | . . . Combat Hostiles . | . . . Robots Corrupted . | . . . Combat Hostiles . | . . . Parts Fried . | . . . Impact Corruptions . | . . . Robots Melted 1 | . . 1 Combat Hostiles 1 | . . 1 Parts Melted 7 | . 7 . Heat Transferred 2196 | 125 1775 296 Parts Sabotaged . | . . . Parts Stolen . | . . . Parts Stripped . | . . . Power Chain Reactions . | . . . Alert | -11 -10 -10 ------- Run | Yrd Mat Sub Maximum Alert Level . | . . . Low Security (%) 100 | 100 100 . Level 1 . | . . . Level 2 . | . . . Level 3 . | . . . Level 4 . | . . . Level 5 . | . . . High Security . | . . . Max Security . | . . . Peak Influence 80 | 10 80 . Initial . | . . . Average 23 | 1 24 . Influence Increases 551 | 15 466 70 Destroy 0b10 Robot/C 340 | . 280 60 Destroy 0b10 Robot/NC 50 | 15 35 . Destroy Leader 66 | . 56 10 Successful Hack 20 | . 20 . Lose Combat Pursuer 75 | . 75 . Influence Decreases 551 | 15 436 100 Entered New Map 17 | . . 17 Time Decay 524 | 15 426 83 Lost Part 10 | . 10 . Squads Dispatched 1 | . 1 . Investigation 1 | . 1 . Extermination . | . . . Reinforcement . | . . . Assault . | . . . Garrison . | . . . Intercept . | . . . Searches Triggered . | . . . Construction Impeded . | . . . Haulers Reinforced . | . . . Active Scanning Responses . | . . . Cargo Convoy Interrupts . | . . . Stealth | -11 -10 -10 --------- Run | Yrd Mat Sub Distress Signals . | . . . Communications Jammed . | . . . Distress Signals . | . . . Times Spotted 32 | . 23 9 Peak Tracking Total 3 | . 3 3 Tactical Retreats 3 | . 3 . Traps | -11 -10 -10 ------- Run | Yrd Mat Sub Traps Triggered 4 | . 4 . Indirectly . | . . . Trap Hack Attempts . | . . . Triggered . | . . . Disarmed . | . . . Reprogrammed . | . . . Reused . | . . . Traps Extracted . | . . . Installed . | . . . Triggered . | . . . Machines | -11 -10 -10 ---------- Run | Yrd Mat Sub Machines Disabled . | . . . Max in Single Turn . | . . . Machines Repaired . | . . . Machines Dismantled . | . . . Machines Sabotaged . | . . . Overloaded Fab Kills . | . . . Hacking | -11 -10 -10 --------- Run | Yrd Mat Sub Machines Accessed 7 | . 7 . Terminals 7 | . 7 . Fabricators . | . . . Repair Stations . | . . . Recycling Units . | . . . Scanalyzers . | . . . Garrison Access . | . . . Total Hacks 17 | . 17 . Successful 15 | . 15 . Failed 2 | . 2 . Catastrophic . | . . . Database Lockouts . | . . . Manual 9 | . 9 . Terminals 17 | . 17 . Fabricators . | . . . Repair Stations . | . . . Recycling Units . | . . . Scanalyzers . | . . . Garrison Access . | . . . Terminal Hacks 8 | . 8 . Prototype ID Bank 4 | . 4 . Emergency Access Points 1 | . 1 . Terminal Index 1 | . 1 . Security Status 1 | . 1 . Registered Components 1 | . 1 . Fabricator Hacks . | . . . Repair Station Hacks . | . . . Recycling Unit Hacks . | . . . Scanalyzer . | . . . Garrison Access Hacks . | . . . Unauthorized Hacks 7 | . 7 . Terminals 7 | . 7 . Botnet 2 | . 2 . Skim 5 | . 5 . Fabricators . | . . . Repair Stations . | . . . Recycling Units . | . . . Scanalyzers . | . . . Garrison Access . | . . . Data Cores Recovered . | . . . Used . | . . . Hacking Detections 4 | . 4 . Full Trace Events . | . . . Feedback Events . | . . . Feedback Blocked . | . . . Robot Schematics Acquired . | . . . Robots Built . | . . . Authchips . | . . . Time . | . . . Total Robot Build Rating . | . . . Part Schematics Acquired . | . . . Parts Built . | . . . Authchips . | . . . Time . | . . . Total Part Build Rating . | . . . Part Studies Acquired . | . . . Parts Repaired . | . . . Time . | . . . Parts Recycled . | . . . Recycled Matter . | . . . Retrieved Matter . | . . . Retrieved Components . | . . . Parts Scanalyzed . | . . . Part Schematics Acquired . | . . . Parts Damaged . | . . . Bothacking | -11 -10 -10 ------------ Run | Yrd Mat Sub Used RIF Installer . | . . . Robots Hacked . | . . . Non-combat . | . . . Combat . | . . . Robot Hacks Applied . | . . . Relay Couplers Released . | . . . Fabnet Peak Effective % . | . . . Robots Rewired . | . . . Allies Hacked . | . . . Hacks Repelled . | . . . Allies | -11 -10 -10 -------- Run | Yrd Mat Sub Total Allies . | . . . Largest Group . | . . . Highest-Rated Group . | . . . Highest-Rated Ally . | . . . Total Orders . | . . . Ally Attacks . | . . . Total Damage . | . . . Kills . | . . . Allies Corrupted . | . . . Allies Melted . | . . . Intel | -11 -10 -10 ------- Run | Yrd Mat Sub Active Infowar (turns) 1564 | 24 1327 213 Seismic 1564 | 24 1327 213 Robot Analysis Total . | . . . Derelict Logs Recovered 2 | . . 2 Drone Launches . | . . . Drone Recoveries . | . . . Exploration | -11 -10 -10 ------------- Run | Yrd Mat Sub Turns Passed 2116 | 85 1327 704 Spaces Moved 1463 | 61 907 495 Core 4 | 4 . . Treads 2 | . . 2 Legs . | . . . Wheels 1457 | 57 907 493 Hover . | . . . Flight . | . . . Fastest Speed 50 | 50 100 110 Average Speed 114 | 99 112 119 Slowest Speed 240 | 150 115 240 Overloaded Moves . | . . . Propulsion Burnouts . | . . . Robots Hopped . | . . . Potential Cave-ins . | . . . Cave-ins Triggered . | . . . Exploration Rate (%) 48 | 4 98 42 Regions Visited 2 Branch Regions 1 Pre-discovered Areas 4 | . 2 2 Known Exits Taken . | . . . Unknown Exits Taken 2 | 1 1 . Scrap Searched 8 | . . 8 Spaces Dug . | . . . Terrain Destroyed 4 | . . 4 Melee . | . . . Projectile 4 | . . 4 AOE . | . . . Terrain Rammed . | . . . Walls Destroyed . | . . . Machines Disabled . | . . . Actions | -11 -10 -10 --------- Run | Yrd Mat Sub Total 1756 | 76 1116 564 Wait 115 | . 96 19 Move 1461 | 60 906 495 Hop . | . . . Pick Up 36 | 6 24 6 Fast Attach 9 | 7 . 2 Attach 6 | . 2 4 Detach . | . . . Swap 12 | . 8 4 Drop 27 | . 20 7 Fire 90 | 3 60 27 Melee . | . . . Ram . | . . . Kick . | . . . Crush . | . . . Escape Stasis . | . . . Rewire . | . . . Trap . | . . . Miscellaneous . | . . . Route ------- -11/Scrapyard -10/Materials (discovered 6 exits: *Mat x3 / [*Min x2] / [*Sub]) -10/Subcaves (discovered 1 exit: [*Mat]) History --------- Turn | Location | Event 12 | -11/Scrapyard | Discovered new exit (range 16) 86 | -11/Scrapyard | Entered Materials 268 | -10/Materials | Discovered new exit (range 14) 321 | -10/Materials | Build established: Mutant 443 | -10/Materials | Discovered new exit (range 16) 722 | -10/Materials | Discovered new exit (range 10) 747 | -10/Materials | Discovered new exit (range 6) 773 | -10/Materials | Discovered new exit (range 9) 784 | -10/Materials | Identified exit to Materials 784 | -10/Materials | Learned location of 1 exit from Materials 867 | -10/Materials | Learned Recycling recycling unit intel 873 | -10/Materials | Learned 2 Storage zone layouts 890 | -10/Materials | Learned location of Storage (-8) 1311 | -10/Materials | Core integrity fell below 50% 1413 | -10/Materials | Entered Subcaves 1414 | -10/Subcaves | Approached by a straggling Scientist 1661 | -10/Subcaves | Lost 4 parts (3n1u) 1758 | -10/Subcaves | Discovered new exit (range 15) 1784 | -10/Subcaves | Disturbed a concealed Subdweller 1873 | -10/Subcaves | Learned location of Zion (-7) 1957 | -10/Subcaves | Met a Zionite searching for "candidates" 1961 | -10/Subcaves | Learned 4 Materials zone layouts 2000 | -10/Subcaves | Disturbed a concealed Subdweller 2097 | -10/Subcaves | Ambushed by Subdwellers from Twisted Machinery 2099 | -10/Subcaves | Core integrity fell below 20% 2117 | -10/Subcaves | Destroyed by QV-XIT(R) with Subdweller Machine Gun Last Messages --------------- 01873_ Acquired derelict log, extracted data. World map updated: -7/Zion. 01936_ Acquired 4 matter. 01956_ 0R-PLD(z): "She is not going to be happy we haven't found any suitable candidates yet." 01957_ 0R-PLD(z): "Hey you! It's really dangerous down here, I feel that you could die at any moment. For your health and safety might I suggest a trip to Zion?" World map confirmed: -7/Zion. 01961_ Acquired derelict log, extracted data. Data stored: Materials zone layouts (x4). 02000_ F6-U8T(R) angrily emerges from the Twisted Machinery. 02004_ Ion Engine destroyed. 02014_ F6-U8T(R) suffers critical hit (Meltdown). 02024_ Acquired Sub. Power Source. 02025_ Acquired 26 matter. 02068_ LK-H4R(u) tweaks Twisted Machinery. 02097_ QV-XIT(R) emerges from the Twisted Machinery. 02106_ NH-36F(R) destroyed. 02113_ QV-XIT(R) affixes Scrap Shield Fragment to Scrap Shield. Map ----- +----------------------------------------------------+ | ##???##??? ##???????????????????????????????? | | ######## ???????????????????????????????? | | ## """" ??????????????????????????????? | | ## "" ??????????????????????????????? | | # "" #???????????????????????????????? | | "" ""????????????????????????????????? | | "" "#????????????????????????????????? | | ### # ????????????????????????????????? | | ##???"""""????????????????????????????????? | | ### #####?? "????????????????????????????????? | | #"" ###" ##?? "????????????????????????????????? | | "" "## #????#????????????????????????????????? | | " "# #?????????????????????????????????????? | | "# #?????????????????????????????????????? | | #?????????????????????????????????????? | | #?????????????????????????????????????? | | "" ####??????#??????????????????????????????? | | "## "# ####??????# ?????????????????????????????? | | ###### #?????## ?????????????????????????????? | | #???# #????## ##???????????????????????????? | | ????# #????# #??????????????????????????? | | ??### #????# #?????????????????????????? | | ### #####?# ##????????????????????????? | | # ## ### ###??????????????????????? | | "" ## ###????????????????????? | | """"# ## ### @ ;##????####???????????? | | "# ###### ### R ### #???????????? | | ####???# ## ##### *%]!"""" ???????????? | | ??????# ### ##### &" ""##"""???????????? | | ??????## #?# # ## ##""#???????????????? | | ???????# #?# ######? ##???????????????? | | ???????# ##?## ###??????##????????????????? | | ???????##????### # ##??????????????????????????? | | ???????????????# ####???????????????????????????? | | ???????????????####??????????????????????????????? | | ?????????????????????????????????????????????????? | | ?????????????????????????????????????????????????? | | ?????????????????????????????????????????????????? | | ?????????????????????????????????????????????????? | | ?????????????????????????????????????????????????? | | ?????????????????????????????????????????????????? | | ?????????????????????????????????????????????????? | | ?????????????????????????????????????????????????? | | ?????????????????????????????????????????????????? | | ?????????????????????????????????????????????????? | | ?????????????????????????????????????????????????? | | ?????????????????????????????????????????????????? | | ?????????????????????????????????????????????????? | | ?????????????????????????????????????????????????? | | ?????????????????????????????????????????????????? | +----------------------------------------------------+ Best States ------------- Heat Dissipation 25 Energy Generation 15 Energy Capacity 250 Matter Stores 300 Matter Capacity 300 Sight Range 16 Terrain Scan Density 10 Armor Coverage 150 Resistance: KI 20 Resistance: TH 20 Resistance: EX 20 Resistance: EM 20 Resistance: I 20 Resistance: S 20 Resistance: P 20 Evasion (%) 40 Recoil Reduction 1 Offensive Hacking 10 Item Schematics ----------------- None Robot Schematics ------------------ None Fabricated ------------ Nothing Repaired ---------- Nothing Studied --------- None Alien Tech Used ----------------- None Achievements -------------- None Challenges ------------ None Game ------ Seed FrostChipGenerator Manual? 0 Play Time 00:22:39 Cumulative 160.7 hours Start 2026.03.03 @ 00:17:37 End 2026.03.03 @ 00:37:16 Sessions 1 Manual Loads 0 Difficulty Adventurer Special Mode None Game No. 65 Rogue 0 Adventurer 61 Explorer 4 Win Type - Total 4 Types 4/0/0/0/0/0/0/0/0/0 Lore% 44 Gallery% 48 Achievement% 39 Wizard Run 0 Options --------- Layout 0 ASCII 0 Keyboard 1 Movement Numpad Keybinds 0 Fullscreen 2 Font 36/Smallcaps Map View 76x50 Zoom Use 0% Tactical HUD 1 Map Filters NONE Filters NONE Steam 1 RUN: 6e687a77-b914-4f3c-9cb2-77c6ae4fdd0d